 Dungeon Crawl Stone Soup version 0.30.0-30-g96aa6591b8 (webtiles) character file.

Game seed: 2385082208692429895

253 GeoRichter the Grave Robber (level 5, -9/35 HPs)
             Began as a Demonspawn Necromancer on June 30, 2023.
             Shot with a bolt by an orc warrior (19 damage)
             ... on level 4 of the Dungeon.
             The game lasted 00:05:51 (3578 turns).

GeoRichter the Grave Robber (DsNe)                  Turns: 3578, Time: 00:05:52

Health: -9/35      AC:  3    Str:  8    XL:     5   Next: 90%
Magic:  9/9        EV: 11    Int: 17    God:
Gold:   243        SH:  5    Dex: 15    Spells: 3/10 levels left

rFire   . . .        p - +0 dagger
rCold   + . .        n - +2 buckler
rNeg    . . .        a - +0 robe
rPois   .            (no helmet)
rElec   .            (no cloak)
rCorr   .            f - +0 pair of gloves
SInv    .            (no boots)
Will    +....        (no amulet)
Stlth   ++           e - ring of protection from cold
HPRegen 0.25/turn    k - ring of willpower
MPRegen 0.22/turn

%: no passive effects
@: no status effects
A: ignite blood 1, magic regeneration, sturdy frame 1
a: no special abilities


You were on level 4 of the Dungeon.
You visited 1 branch of the dungeon, and saw 4 of its levels.

You collected 243 gold pieces.

Inventory:

Hand Weapons
 p - a +0 dagger (weapon)
   (You took it off a goblin on level 3 of the Dungeon)
Armour
 a - a +0 robe (worn)
 f - a +0 pair of gloves (worn)
   (You found it on level 3 of the Dungeon)
 n - a +2 buckler (worn)
   (You found it on level 2 of the Dungeon)
Jewellery
 e - a ring of protection from cold (left hand)
   (You found it on level 1 of the Dungeon)
 k - a ring of willpower (right hand)
   (You found it on level 2 of the Dungeon)
 m - a +6 ring of dexterity
   (You found it on level 2 of the Dungeon)
Scrolls
 c - a scroll of immolation {unknown}
 d - 4 scrolls of identify {unknown}
 g - a scroll of butterflies {unknown}
 h - a scroll of magic mapping {unknown}
 i - a scroll of enchant weapon {unknown}
 s - a scroll of fear {unknown}
Potions
 b - a potion of magic
 j - a potion of cancellation {unknown}
 l - a potion of resistance {unknown}
 o - a potion of flight {unknown}
 q - a potion of curing {unknown}
 r - a potion of brilliance {unknown}


   Skills:
 - Level 1.7 Dodging
 - Level 1.7 Stealth
 - Level 3.0 Spellcasting
 * Level 2.9 Conjurations
 - Level 5.9 Necromancy
 + Level 1.7 Earth Magic


You had 3 spell levels left.
You knew the following spells:

 Your Spells              Type           Power      Damage    Failure   Level
a - Necrotise             Necr           88%        1d8       2%          1
b - Stone Arrow           Conj/Erth      20%        3d8       32%         3
i - Spider Form           Tmut/Pois      2%         N/A       63%         3

Your spell library contained the following spells:

 Spells                   Type           Power      Damage    Failure   Level
 Vampiric Draining        Necr           22%        2d7       8%          3
 Sandblast                Erth           16%        2d6       14%         1
 Apportation              Tloc           4%         N/A       28%         1
 Sting                    Tmut/Pois      8%         1d3       28%         1
 Summon Small Mammal      Summ           8%         N/A       28%         1
 Passwall                 Tmut/Erth      4%         N/A       30%         2
 Ensorcelled Hibernation  Hex/Ice        4%         N/A       38%         2
 Poisonous Vapours        Pois/Air       4%         N/A       38%         2
 Animate Dead             Necr           22%        N/A       24%         4
 Agony                    Necr           22%        N/A       56%         5
 Anguish                  Hex/Necr       6%         N/A       63%         4
 Olgreb's Toxic Radiance  Pois           2%         N/A       95%         4
 Summon Forest            Summ/Tloc      1%         N/A       100%        5
 Summon Mana Viper        Hex/Summ       2%         N/A       100%        5
 Summon Cactus Giant      Summ           1%         N/A       100%        6


Dungeon Overview and Level Annotations

Branches:
Dungeon (4/15) Zot: 20420
 Temple: D:4-7

Altars:

Annotations:
D:4 3 runed translucent doors, 00zero00's ghost, amateur HOFi


Innate Abilities, Weirdness & Mutations

Your demonic aura sometimes causes spilled blood to erupt in flames.
You regenerate magic rapidly.
Your movements are slightly less encumbered by armour. (ER -2)


Message History

You kill the ball python!
The dead are slithering!
You can't see any susceptible monsters within range! (Use Z to cast anyway.)
You can't see any susceptible monsters within range! (Use Z to cast anyway.)
You swap places.
Found 2 stones.
Your ball python skeleton crumbles into dust!
An adder comes into view.
The adder hisses angrily.
An adder is nearby!
Found 14 gold pieces.
The adder writhes in agony.
The adder closely misses you.
The adder writhes in agony.
The adder barely misses you.
The adder writhes in agony.
The adder misses you. The adder bites you.
The adder writhes in agony.
You kill the adder!
The dead are slithering!
You can't see any susceptible monsters within range! (Use Z to cast anyway.)
You now have 243 gold pieces (gained 14).
Your adder skeleton crumbles into dust!
An adder comes into view.
The adder hisses angrily.
An adder is nearby!
An adder is nearby!
The adder barely resists.
You miscast Necrotise.
You are very lightly contaminated with residual magic.
Nothing appears to happen.
The adder writhes in agony!
The adder barely misses you.
The adder writhes in agony.
You kill the adder!
The dead are slithering!
You can't see any susceptible monsters within range! (Use Z to cast anyway.)
Your magical contamination has completely faded away.
Your adder skeleton crumbles into dust!
An orc warrior is nearby!
An orc warrior is nearby!
An orc warrior is nearby!
The orc warrior shouts!
You hear a shout!
The orc warrior unwields a +0 trident.
The orc warrior wields a +0 arbalest.
The orc warrior shoots a bolt.
The bolt barely misses you.
The orc warrior shoots a bolt.
The bolt hits you!
The orc warrior shoots a bolt.
The bolt hits you!
* * * LOW HITPOINT WARNING * * *
The orc shouts!
Okay, then.
Okay, then.
The orc warrior shoots a bolt.
The bolt hits you!!
Ouch! That really hurt!
You die...

#..#####.........(.........#
##.## #####..............##
#..# ##..............### ..##
##.................# ..#
##...............#### .##
#................# .#
##.....####.....).# ##
##......## ##.....##### .#
##....#..@# #...o..##..# ..#
##....#....###.........#
..#####..........##..........#
..........)......o........#..#
...........)......°....####..##
...###.........#......## #...#
##.........###....## ##..#
#.........## #.....# #..##
#....#.....# ##....## ##..#.


You could see an orc warrior.

Vanquished Creatures
  A scorpion (D:4)
  A hound (D:4)
  An orc priest (D:4)
  A gnoll (D:1)
  6 adders
  3 worms
  2 dart slugs (D:1)
  An orc (D:4)
  6 ball pythons
  5 endoplasms
  A giant cockroach (D:3)
  5 goblins
  6 hobgoblins
  A jackal (D:3)
  5 kobolds
  3 quokkas (D:1)
  4 bats
  2 frilled lizards
  2 rats
56 creatures vanquished.

Vanquished Creatures (collateral kills)
  2 goblins
  A jackal (D:3)
  A rat (D:2)
4 creatures vanquished.

Grand Total: 60 creatures vanquished

Notes
Turn   | Place    | Note
-------+----------+-------------------------------------------
     0 | D:1      | GeoRichter the Demonspawn Necromancer began the quest for
                  | the Orb.
     0 | D:1      | Reached XP level 1. HP: 13/13 MP: 3/3
   123 | D:1      | Found a faded altar of an unknown god.
   269 | D:1      | Gained mutation: Your demonic aura sometimes causes spilled
                  | blood to erupt in flames. [demonic ancestry]
   269 | D:1      | Reached XP level 2. HP: 19/19 MP: 1/5
   638 | D:1      | Reached skill level 5 in Necromancy
   788 | D:1      | Reached XP level 3. HP: 24/24 MP: 1/6
  2242 | D:3      | Gained mutation: You regenerate magic rapidly. [demonic
                  | ancestry]
  2242 | D:3      | Reached XP level 4. HP: 30/30 MP: 4/8
  2829 | D:3      | Learned a level 3 spell: Spider Form
  2833 | D:3      | Learned a level 3 spell: Stone Arrow
  3020 | D:4      | Found a runed translucent gate.
  3021 | D:4      | Found a runed translucent gate.
  3021 | D:4      | Noticed 00zero00's ghost (amateur HOFi)
  3026 | D:4      | Found a runed translucent gate.
  3030 | D:4      | Noticed a kobold brigand
  3032 | D:4      | Reached skill level 1 in Conjurations
  3032 | D:4      | Gained mutation: Your movements are slightly less
                  | encumbered by armour. (ER -2) [demonic ancestry]
  3032 | D:4      | Reached XP level 5. HP: 31/35 MP: 4/9
  3093 | D:4      | Noticed an orc warrior
  3094 | D:4      | Reached skill level 1 in Earth Magic
  3578 | D:4      | Shot with a bolt by an orc warrior

Illustrated notes

Levels and vault maps discovered:
D:1:      dpeg_arrival_fog, layout_loops_corners,
          shapermc_ecumenical_altar_petra
D:2:      layout_basic, serial_bayou_pond_a
D:3:      layout_rooms, serial_glass, glass_columns_b, glass_columns_b,
          glass_columns_c, glass_columns_b, glass_columns_b, glass_columns_b,
          glass_columns_b, glass_columns_a, minivault_24, minmay_goblin_outpost
D:4:      layout_layer_cave, zin_treasury, gammafunk_ghost_nasty_kobolds,
          uniq_robin

Skill      XL: |  1  2  3  4  5 |
---------------+----------------+-----
Necromancy     | 5 |  5.9
Spellcasting   | 3 |  3.0
Conjurations   | 1 2 |  2.9
Earth Magic    | 1 |  1.7
Dodging        | |  1.7
Stealth        | |  1.7

Action                     |  1- 3 |  4- 6 || total
---------------------------+-------+-------++-------
  Melee: Unarmed           |     1 |       ||     1
         Hand axe          |     6 |       ||     6
         Dagger            |       |     8 ||     8
   Cast: Necrotise         |    68 |    61 ||   129
 Armour: Robe              |     1 |     3 ||     4
  Dodge: Dodged            |     8 |    15 ||    23
  Block: Buckler           |       |     4 ||     4
